 Dungeon Crawl Stone Soup version 0.26-a0-651-gb41185065b (webtiles) character file.

Game seed: 16049012531438086952

(classic levelgen) 12 EnegeticOcto the Shield-Bearer (level 2, -16/27 HPs)
             Began as a Deep Dwarf Fighter on Oct 7, 2020.
             Killed from afar by Ijyb (21 damage)
             ... with a bolt of acid
             ... on level 3 of the Dungeon.
             The game lasted 00:00:19 (247 turns).

EnegeticOcto the Shield-Bearer (Deep Dwarf Fighter)  Turns: 247, Time: 00:00:20

Health: -16/27     AC:  2    Str: 19    XL:     2   Next: 20%
Magic:  2/2        EV:  7    Int:  8    God:
Gold:   50         SH:  9    Dex: 12    Spells: 1/1 levels left

rFire    . . .     SeeInvis .   a - +0 war axe
rCold    . . .     Faith    .   c - +0 kite shield
rNeg     . . .     Spirit   .   b - +0 scale mail
rPois    .         Reflect  .   (no helmet)
rElec    .         Harm     .   (no cloak)
rCorr    .         Rampage  .   (no gloves)
MR       .....                  (no boots)
Stlth    ..........             (no amulet)
HPRegen  0.00/turn              (no ring)
MPRegen  0.08/turn              (no ring)

@: corroded, non-regenerating
A: damage resistance, heal wounds, sense surroundings 1, no regeneration
a: Heal Wounds


You were on level 3 of the Dungeon.
You visited 1 branch of the dungeon, and saw 3 of its levels.

You collected 50 gold pieces.

Inventory:

Hand Weapons
 a - a +0 war axe (weapon)
Armour
 b - a +0 scale mail (worn)
 c - a +0 kite shield (worn)
Scrolls
 e - 3 scrolls of identify {unknown}
 f - a scroll of teleportation {unknown}
Potions
 d - 3 potions of might {@q3}


   Skills:
 + Level 2.8 Fighting
 * Level 2.6 Axes
 + Level 3.4 Armour
 + Level 3.4 Shields


You had one spell level left.
You didn't know any spells.
Your spell library was empty.

Dungeon Overview and Level Annotations

Branches:
Dungeon (3/15)

Altars:
Yredelemnul

Annotations:
D:3 Ijyb


Innate Abilities, Weirdness & Mutations

You are resistant to damage.
You can heal yourself by infusing magical energy.
You passively map a small area around you.
You do not regenerate.


Message History

No target in view!
No target in view!
No target in view!
No target in view!
No target in view!
No target in view!
No target in view!
No target in view!
No target in view!
No target in view!
No target in view!
No target in view!
No target in view!
Found a scroll labeled SOUSETWUTTO.
e - 3 scrolls labeled SOUSETWUTTO (gained 1)
(D) Dungeon
Where to? (Enter - D:2, ? - help)
There is a stone staircase leading down here.
You climb downwards.
A rat and a giant cockroach come into view.
Found a ring mail.
There is a stone staircase leading up here.
There are monsters nearby!
There are monsters nearby!
An orc comes into view. It is wielding a +0 whip.
The orc shouts!
Found 16 stones.
You barely miss the giant cockroach.
The giant cockroach bites you but does no damage. x2
You hit the giant cockroach.
You kill the giant cockroach!
You have reached level 2!
You closely miss the rat. You block the rat's attack.
The rat barely misses you.
You slash the orc!
You kill the orc!
You closely miss the rat. You block the rat's attack.
You hit the rat but do no damage.
A giant cockroach comes into view.
You block the rat's attack.
You slash the rat!
You kill the rat!
Things that are here:
a +0 whip; an orc corpse You hit the giant cockroach.
The giant cockroach is heavily wounded.
The giant cockroach bites you but does no damage.
The giant cockroach barely misses you.
You barely miss the giant cockroach.
The giant cockroach is heavily wounded.
You block the giant cockroach's attack.
The giant cockroach bites you but does no damage.
You barely miss the giant cockroach.
The giant cockroach is heavily wounded.
The giant cockroach bites you but does no damage.
You slash the giant cockroach!
You kill the giant cockroach!
No target in view!
No target in view!
No target in view!
No target in view!
No target in view!
Ijyb the Twisted Goblin comes into view.
She is carrying a wand of acid (6).
Ijyb is nearby!
Ijyb is nearby!
Ijyb is nearby!
Ijyb is nearby!
Ijyb is nearby!
Ijyb is nearby!
No reachable target in view!
No reachable target in view!
No reachable target in view!
No reachable target in view!
No reachable target in view!
No reachable target in view!
No reachable target in view!
No reachable target in view!
No reachable target in view!
No reachable target in view!
No reachable target in view!
No reachable target in view!
No reachable target in view!
No reachable target in view!
No reachable target in view!
No reachable target in view!
A goblin comes into view.
The goblin shouts!
Ijyb zaps a wand.
The bolt of acid hits the withered plant!!
The withered plant is splashed with acid!
The acid corrodes the withered plant!
The withered plant begins to crumble.
The bolt of acid hits you! The acid corrodes you!
You are splashed with acid!
* * * LOW HITPOINT WARNING * * *
The goblin moves out of view.
Found a fuming coppery potion.
Found a basalt altar of Yredelemnul.
A goblin comes into view.
The goblin shouts!
Ijyb zaps a wand.
The bolt of acid hits you!!
Ouch! That really hurt!
You die...

* #. ###### ,
#.####....# * *
..........### *
, ...P.P.... ,,
,, * #.._g..#..#
* , *#.P.P.#*..#
, #.g.@.# ..##.
* * , ,,,####.##
.....
#.####.###.##..
*
............##.#
*
#..#.......###.#
...g#####.# #.#
* , , #.... #.#
#.# > , .!..
#.###<# * #..
.#####.)...#


You could see Ijyb and a goblin.

Vanquished Creatures
  An orc (D:3)
  2 giant cockroaches (D:3)
  A goblin (D:2)
  A hobgoblin (D:1)
  A kobold (D:1)
  A bat (D:2)
  A jackal skeleton (D:2)
  3 rats
11 creatures vanquished.

Notes
Turn   | Place    | Note
-------+----------+-------------------------------------------
     0 | D:1      | EnegeticOcto the Deep Dwarf Fighter began the quest for the
                  | Orb.
     0 | D:1      | Reached XP level 1. HP: 20/20 MP: 1/1
   231 | D:3      | Reached XP level 2. HP: 27/27 MP: 2/2
   243 | D:3      | Noticed Ijyb
   244 | D:3      | Found a basalt altar of Yredelemnul.
   247 | D:3      | Killed from afar by Ijyb

Illustrated notes

Levels and vault maps discovered:
D:1:      eino_arrival_water_cross, layout_basic, minmay_distorted
D:2:      layout_loops_ring
D:3:      minmay_roachtagon, layout_loops_ring, yredelemnul_altar_generic,
          okawaru_altar_gauntlet_db, uniq_ijyb

Action                   || total
-------------------------++-------
Melee: War axe           ||    21
Armor: Scale mail        ||    11
Dodge: Dodged            ||     4
Block: Kite shield       ||     7

Table legend: (Time is in decaauts)
 A = Elapsed time spent in this place.
 B = Non-inter-level travel time spent in this place.
 C = Inter-level travel time spent in this place.
 D = Time resting spent in this place.
 E = Time spent auto-exploring this place.
 F = Levels seen in this place.
 G = Mean time per level.
                   A        B        C        D        E       F      G
               +--------+--------+--------+--------+--------+-----+--------+
         Total |    255 |    247 |      8 |      0 |    151 |   3 |   85.0 |
       Dungeon |    255 |    247 |      8 |      0 |    151 |   3 |   85.0 |
               +--------+--------+--------+--------+--------+-----+--------+

Top non-repeatable levels by time:
     D:1: 174 daAuts
     D:2: 56 daAuts
     D:3: 24 daAuts
